 Dungeon Crawl Stone Soup version 0.19-a0-831-gce7da8b (webtiles) character file.

50 matakusis the Ducker (level 3, 0/28 HPs)
             Began as a Demonspawn Gladiator on June 30, 2016.
             Succumbed to an adder's poison
             ... on level 2 of the Dungeon.
             The game lasted 00:06:17 (1660 turns).

matakusis the Ducker (Demonspawn Gladiator)         Turns: 1660, Time: 00:06:17

Health: 0/28       AC:  5    Str: 17    XL:     3   Next: 55%
Magic:  3/3        EV: 12    Int:  9    God:
Gold:   70         SH:  9    Dex: 14    Spells: 0 memorised, 2 levels left

rFire  . . .     SeeInvis .     a - +0 long sword
rCold  . . .     Gourm    .     b - +0 leather armour
rNeg   . . .     Faith    .     m - +2 shield
rPois  .         Spirit   .     (helmet restricted)
rElec  .         Dismiss  .     q - +0 cloak
rCorr  .         Reflect  .     g - +0 pair of gloves
SustAt +         Harm     .     (no boots)
MR     .....                    (no amulet)
Stlth  +.........               (no ring)
                                o - ring of sustain attributes

@: lethally poisoned (0 -> -5), not resistant to hostile enchantments, very
unstealthy
A: horns 1, repulsion field 1, demonic guardian 1, strong 1, wild magic 1
a: no special abilities


You were on level 2 of the Dungeon.
You were not hungry.

You visited 1 branch of the dungeon, and saw 2 of its levels.

You collected 70 gold pieces.

Inventory:

Hand Weapons
 a - a +0 long sword (weapon)
Missiles
 d - 3 throwing nets (quivered)
Armour
 b - a +0 leather armour (worn)
 c - a +0 helmet
 g - a +0 pair of gloves (worn)
 m - a +2 shield (worn)
 q - a +0 cloak (worn)
Jewellery
 o - a ring of sustain attributes (left hand)
Scrolls
 i - a scroll of immolation {unknown}
 j - a scroll of fog {unknown}
 n - a scroll of remove curse {unknown}
 p - a scroll of identify {unknown}
Comestibles
 f - 2 bread rations
 l - a meat ration


   Skills:
 * Level 2.4 Fighting
 + Level 3.1 Long Blades
 - Level 1.7 Throwing
 + Level 0.3 Armour
 * Level 3.4 Dodging


You had 2 spell levels left.
You didn't know any spells.

Dungeon Overview and Level Annotations

Branches:
Dungeon (2/15)

Altars:
Cheibriados
Okawaru
Ru


Innate Abilities, Weirdness & Mutations

You are surrounded by a mild repulsion field. (EV +2)
A weak demonic guardian rushes to your aid.
You have a pair of small horns on your head.
Your muscles are strong. (Str +2)
Your spells are a little harder to cast, but a little more powerful.


Message History

* * * LOW HITPOINT WARNING * * *
You feel sick. You block the adder's attack.
Your surroundings suddenly seem different.
There is a lethal amount of poison in your body!
There is a lethal amount of poison in your body!
There is a lethal amount of poison in your body!
There is a lethal amount of poison in your body!
There is a lethal amount of poison in your body!
There is a lethal amount of poison in your body!
There is a lethal amount of poison in your body!
There is a lethal amount of poison in your body!
There is a lethal amount of poison in your body!
There is a lethal amount of poison in your body!
You aren't carrying any potions.
You aren't carrying any potions.
Okay, then.
Eat which item? (? for menu, Esc to quit)
You start eating the meat ration.
You continue eating.
You die...

########## #... .........# #######
#... .........# #.....# #...
.........##########.....######...
..................+......#...รท...
...........########......#.######
..>.................<............
..................##.#.#.##....#.
##.####.........@................
#.# #...........##.#.#+###...#.
#.# #....#..................##.
#.# ####.#.########.......#.##.
#.# #.#.# #.......#..#. #.# #.#.#
#.......##.#. ##.#
#.#.#########.#+#####.#.
...#######.#.........#.#.#####.#.
.#.................).+...........


There were no monsters in sight!

Vanquished Creatures
  A worm (D:2)
  5 giant geckos
  2 ball pythons
  A giant cockroach (D:1)
  9 goblins
  4 hobgoblins
  4 kobolds
  A quokka (D:2)
  6 bats
  2 giant newts (D:1)
  2 rats (D:1)
37 creatures vanquished.

Notes
Turn   | Place    | Note
--------------------------------------------------------------
     0 | D:1      | matakusis the Demonspawn Gladiator began the quest for the Orb.
     0 | D:1      | Reached XP level 1. HP: 16/16 MP: 1/1
   195 | D:1      | Gained mutation: You are surrounded by a mild repulsion field. (EV +2) [demonic ancestry]
   195 | D:1      | Reached XP level 2. HP: 21/22 MP: 2/2
   941 | D:2      | Gained mutation: A weak demonic guardian rushes to your aid. [demonic ancestry]
   941 | D:2      | Reached XP level 3. HP: 27/27 MP: 3/3
  1226 | D:2      | Found a sacrificial altar of Ru.
  1448 | D:2      | Found an iron altar of Okawaru.
  1466 | D:2      | Found a snail-covered altar of Cheibriados.
  1654 | D:2      | Gained mutation: Your muscles are strong. (Str +2) [potion of mutation]
  1654 | D:2      | Gained mutation: You have a pair of small horns on your head. [potion of mutation]
  1654 | D:2      | Gained mutation: Your spells are a little harder to cast, but a little more powerful. [potion of mutation]
  1657 | D:2      | HP: 1/28 [poisoned by an adder]
  1660 | D:2      | Succumbed to an adder's poison

Vault maps used:
D:1:      evilmike_arrival_crescent
D:2:      nicolae_ru_the_path_less_chosen, cheibriados_altar_1, first_bread,
          okawaru_trees_1

Skill      XL: |  1  2 |
---------------+-------+-----
Long Blades    | 3 |  3.1
Dodging        | 3 |  3.4
Fighting       | |  2.4
Throwing       | |  1.7
Armour         | |  0.3

Action                   || total
-------------------------++-------
Melee: Long sword        ||   159
  Use: Scroll            ||     1
       Potion            ||     1
  Eat: Chunk             ||     3
Armor: Leather armour    ||    33
Dodge: Dodged            ||    96
Block: Shield            ||    51
